 Dungeon Crawl Stone Soup version 0.19.1 (webtiles) character file.

2878 ChaseSP the Basher (level 9, -1/45 HPs)
             Began as a Gargoyle Fighter on Nov 27, 2016.
             Was a Follower of Ru.
             Slain by an ogre
             ... wielding a +0 giant club
              (9 damage)
             ... on level 7 of the Dungeon.
             The game lasted 00:11:01 (5854 turns).

ChaseSP the Basher (Gargoyle Fighter)               Turns: 5854, Time: 00:11:02

Health: -1/45      AC: 19    Str: 22    XL:     9   Next: 76%
Magic:  9/9        EV:  5    Int:  8    God:    Ru [*.....]
Gold:   274        SH: 14    Dex: 11    Spells: 0 memorised, 8 levels left

rFire  . . .     SeeInvis .     G - +1 flail (crush)
rCold  . . .     Gourm    .     l - +0 chain mail (curse)
rNeg   + . .     Faith    .     c - +0 shield
rPois  ∞         Spirit   .     (no helmet)
rElec  +         Reflect  +     o - +1 cloak
rCorr  .         Harm     .     E - +0 pair of gloves
MR     .....                    (no boots)
Stlth  ..........               r - +5 amulet of reflection
                                (no ring)
                                (no ring)

@: no potions
A: frail 1, negative energy resistance 1, shaggy fur 1, electricity resistance,
unbreathing, petrification resistance, rot immunity, subdued magic 1, inability
to drink while threatened, AC +5
a: Renounce Religion


You were on level 7 of the Dungeon.
You worshipped Ru.
Ru was aware of your devotion.
You were not hungry.

You visited 1 branch of the dungeon, and saw 7 of its levels.

You collected 302 gold pieces.
You spent 28 gold pieces at shops.

Inventory:

Hand Weapons
 G - a +1 flail of crushing (weapon)
Missiles
 s - 178 stones (quivered)
 u - 75 bolts
Armour
 c - a +0 shield (worn)
 l - a cursed +0 chain mail (worn)
 o - a +1 cloak (worn)
 E - a +0 pair of gloves (worn)
Jewellery
 r - a +5 amulet of reflection (around neck)
 z - an uncursed amulet of harm
Wands
 B - a wand of teleportation (8/9)
 F - a wand of confusion (26/48)
Scrolls
 a - a scroll of brand weapon {unknown}
 e - 4 scrolls of noise {unknown}
 m - a scroll of enchant armour
 t - 2 scrolls of enchant weapon
 v - 2 scrolls of random uselessness {unknown}
 w - 2 scrolls of remove curse
 A - a scroll of teleportation {unknown}
Potions
 d - a potion of might
 g - 2 potions of curing
 h - a potion of flight
 i - a potion of cancellation
 n - 4 potions of degeneration
 p - 2 potions of agility
 D - a potion of invisibility
Books
 y - a book of Minor Magic

   Spells                             Type                      Level
   a - Magic Dart                     Conjuration                  1
   b - Blink                          Translocation                2
   c - Call Imp                       Summoning                    2
   d - Repel Missiles                 Charms/Air                   2
   e - Slow                           Hexes                        2
   f - Conjure Flame                  Conjuration/Fire             3
   g - Mephitic Cloud                 Conjuration/Poison/Air       3
Comestibles
 b - 3 meat rations
 f - 4 bread rations
 k - 6 beef jerkies
 q - 3 fruits
 C - 3 chunks of flesh


   Skills:
 - Level 3.2 Fighting
 + Level 12.9 Maces & Flails
 - Level 3.2 Armour
 - Level 3.2 Shields


You had 8 spell levels left.
You didn't know any spells.

Dungeon Overview and Level Annotations

Branches:
Dungeon (7/15)             Temple (0/1) D:6

Altars:
Ashenzari
Cheibriados
Kikubaaqudgha
Ru
Sif Muna
Xom
The Shining One

Shops:
D:6 ?


Innate Abilities, Weirdness & Mutations

You are resistant to torment.
Your stone body is resilient. (AC +5)
You are immune to poison.
You resist negative energy. (rN+)
You are resistant to electric shocks. (rElec)
You can survive without breathing.
You are immune to petrification.
You are immune to rotting.
You cannot drink potions while threatened.
You are frail. (-10% HP)
You are covered in fur. (AC +1)
Your spells are a little easier to cast, but a little less powerful.


Message History

The hippogriff claws you but does no damage.
You barely miss the hippogriff.
The hippogriff is severely wounded.
You can drink potions again.
The hippogriff bites you but does no damage.
The hippogriff pecks you but does no damage.
The hippogriff closely misses you.
You hit the hippogriff.
The hippogriff is severely wounded.
The hippogriff closely misses you.
The hippogriff pecks you but does no damage.
You block the hippogriff's attack.
You feel better. You block the hippogriff's attack. The hippogriff pecks you.
* * * LOW HITPOINT WARNING * * *
You block the hippogriff's attack.
You thump the hippogriff!
You kill the hippogriff!
The ogre hits you with a giant club!
You feel threatened and lose the ability to drink potions!
You die...

#####.........# #.## #.# #...
...#..........## #.# #.# #...
...............###.# #.# #...
...#............##.# ###.####...
......#.........##.####........##
................#........>..####
...<........................#
.##.###........O#..##.......#
###............#@...#.#...^.#
##...............##.÷.####..#
##....#..........#....# ##.##
...................##.#####..###
####.............#..^..........##
# #.............#..........##..#
# #####....................###.#
# ##......###..........# #.. #
##..#...##..........####.


You could see an ogre.

Vanquished Creatures
  Pikel (D:4)
  The ghost of Tuesday the Purveyor of Pain, an amateur DsNe of Kikubaaqudgha (D:5)
  A hippogriff (D:7)
  Eustachio (D:4)
  Menkaure (D:4)
  Edmund (D:5)
  A black bear (D:6)
  A sky beast (D:5)
  A phantom (D:6)
  3 slaves (D:4)
  An ogre (D:5)
  2 centaurs
  Blork the orc (D:6)
  A bullfrog (D:6)
  A wyvern zombie (D:6)
  2 scorpions
  5 crimson imps
  A hound (D:6)
  3 orc priests
  3 orc wizards
  Crazy Yiuf (D:6)
  2 iguanas
  4 worker ants
  A worker ant zombie (D:5)
  15 gnolls
  A howler monkey skeleton (D:4)
  3 adders
  An ooze (D:3)
  A worm (D:2)
  A dart slug (D:3)
  2 leopard geckos
  16 orcs
  6 giant cockroaches
  8 goblins
  7 hobgoblins
  6 jackals
  12 kobolds
  5 quokkas
  2 ball pythons
  7 bats
  5 frilled lizards
  A quokka skeleton (D:7)
  5 rats
144 creatures vanquished.

Notes
Turn   | Place    | Note
-------+----------+-------------------------------------------
     0 | D:1      | ChaseSP the Gargoyle Fighter began the quest for the Orb.
     0 | D:1      | Reached XP level 1. HP: 14/14 MP: 1/1
    88 | D:1      | Reached XP level 2. HP: 15/19 MP: 2/2
   296 | D:1      | Reached skill level 3 in Maces & Flails
   659 | D:2      | Reached XP level 3. HP: 18/23 MP: 3/3
   747 | D:2      | Reached skill level 4 in Maces & Flails
   851 | D:2      | Reached XP level 4. HP: 16/28 MP: 4/4
  1472 | D:2      | Reached skill level 5 in Maces & Flails
  1473 | D:2      | Reached XP level 5. HP: 26/32 MP: 5/5
  2170 | D:3      | Reached skill level 6 in Maces & Flails
  2178 | D:3      | Reached XP level 6. HP: 22/37 MP: 6/6
  2202 | D:3      | Found a shimmering altar of Xom.
  2670 | D:4      | Noticed Menkaure
  2820 | D:4      | Found a shattered altar of Ashenzari.
  3102 | D:4      | Killed Menkaure
  3102 | D:4      | Reached skill level 7 in Maces & Flails
  3102 | D:4      | Reached XP level 7. HP: 40/41 MP: 7/7
  3128 | D:4      | Found a sacrificial altar of Ru.
  3276 | D:4      | Became a worshipper of Ru the Awakened
  3288 | D:4      | Noticed Pikel
  3316 | D:4      | Killed Pikel
  3316 | D:4      | Reached skill level 9 in Maces & Flails
  3316 | D:4      | Reached XP level 8. HP: 46/46 MP: 8/8
  3462 | D:4      | Noticed Eustachio
  3475 | D:4      | Killed Eustachio
  3596 | D:5      | Entered Level 5 of the Dungeon
  3620 | D:5      | Reached skill level 10 in Maces & Flails
  3630 | D:5      | Noticed Tuesday's ghost (amateur DsNe)
  3638 | D:5      | Noticed Edmund
  3640 | D:5      | Killed Tuesday's ghost
  3656 | D:5      | Killed Edmund
  3696 | D:5      | Reached skill level 11 in Maces & Flails
  3751 | D:5      | Reached XP level 9. HP: 42/51 MP: 9/9
  3789 | D:5      | Found an ancient bone altar of Kikubaaqudgha.
  4123 | D:5      | Found a snail-covered altar of Cheibriados.
  4211 | D:5      | Found a deep blue altar of Sif Muna.
  4541 | D:6      | Found a glowing golden altar of the Shining One.
  4576 | D:6      | Gained mutation: You cannot drink potions while threatened. [Ru sacrifice]
  4576 | D:6      | Reached * piety under Ru
  4773 | D:6      | Found a staircase to the Ecumenical Temple.
  4913 | D:6      | Found Jayg's Magic Scroll Boutique.
  4921 | D:6      | Bought a scroll of identify for 28 gold pieces
  4969 | D:6      | Gained mutation: You are frail. (-10% HP) [potion of mutation]
  4969 | D:6      | Gained mutation: Your spells are a little easier to cast, but a little less powerful. [potion of mutation]
  4969 | D:6      | Gained mutation: You are covered in fur. (AC +1) [potion of mutation]
  4975 | D:6      | Noticed Blork the orc
  4984 | D:6      | Reached skill level 12 in Maces & Flails
  4993 | D:6      | Killed Blork the orc
  5208 | D:6      | Found a runed door.
  5212 | D:6      | Noticed Crazy Yiuf
  5220 | D:6      | Killed Crazy Yiuf
  5842 | D:7      | HP: 2/45 [hippogriff (2)]
  5854 | D:7      | Slain by an ogre

Skill      XL: |  1  2  3  4  5  6  7  8  9 |
---------------+----------------------------+-----
Maces & Flails | 3 4 5 6 7 9 11 12 | 12.9
Fighting       | |  3.2
Armour         | |  3.2
Shields        | |  3.2

Action                   |  1- 3 |  4- 6 |  7- 9 || total
-------------------------+-------+-------+-------++-------
Melee: Flail             |   142 |   224 |   213 ||   579
       Whip              |       |       |    74 ||    74
Invok: Sacrifice Drink   |       |       |     1 ||     1
  Use: Scroll            |       |     3 |     8 ||    11
       Potion            |       |       |     4 ||     4
 Stab: Invisible         |       |       |     1 ||     1
  Eat: Chunk             |       |     7 |    10 ||    17
Armor: Scale mail        |    74 |    70 |       ||   144
       Chain mail        |       |    51 |    87 ||   138
Dodge: Dodged            |    51 |    58 |    28 ||   137
Block: Shield            |    76 |   129 |   131 ||   336
       Reflection        |       |     1 |     3 ||     4
